 Dungeon Crawl Stone Soup version 0.24-a0-232-g49d9ff8 (webtiles) character file.

Game seed: 2557054050724278181

18862 xeno23 the Covert (level 12, 0/81 HPs)
             Began as an Octopode Assassin on Apr 4, 2019.
             Was a Follower of Uskayaw.
             Slain by a spiny frog (26 damage)
             ... on level 2 of the Lair of Beasts.
             The game lasted 01:17:00 (15933 turns).

xeno23 the Covert (Octopode Assassin)              Turns: 15933, Time: 01:17:01

Health: 0/81       AC:  3    Str: 14    XL:     12   Next: 63%
Magic:  16/16      EV: 15    Int: 14    God:    Uskayaw [*.....]
Gold:   773        SH:  0    Dex: 16    Spells: 6/11 levels left

rFire    . . .     SeeInvis .   a - +2 dagger (venom)
rCold    + + .     Gourm    .   (no shield)
rNeg     + . .     Faith    +   (helmet restricted)
rPois    +         Spirit   .   Q - amulet of faith
rElec    .         Reflect  .   C - ring of poison resistance
rCorr    .         Harm     .   F - ring of protection from cold
MR       .....                  K - ring of stealth
Stlth    +++++++...             S - ring of positive energy
HPRegen  0.23/turn              (no ring)
MPRegen  0.15/turn              (no ring)
                                (no ring)
                                (no ring)

@: about to teleport
A: almost no armour, stealthy swim, amphibious, 8 rings, constrict 8, yellow
scales 1, camouflage 1, cold resistance 1, strong 1, wild magic 1, gelatinous
body 1
a: Stomp, Renounce Religion


You were on level 2 of the Lair of Beasts.
You worshipped Uskayaw.
Uskayaw was noncommittal.
You were not hungry.

You visited 3 branches of the dungeon, and saw 13 of its levels.
You also visited: Sewer and Ossuary.

You collected 924 gold pieces.
You spent 151 gold pieces at shops.

Inventory:

Hand Weapons
 a - a +2 dagger of venom (weapon)
 s - a +0 blowgun
 J - a +1 dagger of holy wrath
 L - a +1 dagger of freezing
Missiles
 c - 36 poisoned needles
 d - a curare-tipped needle
 G - a throwing net (quivered)
 M - 8 javelins
 O - 3 needles of sleeping
Jewellery
 C - a ring of poison resistance (left tentacle)
 F - a ring of protection from cold (right tentacle)
 K - a ring of stealth (on tentacle)
 Q - an amulet of faith (around mantle)
 S - a ring of positive energy (on tentacle)
Wands
 l - a wand of iceblast (6)
 y - a wand of acid (6)
 B - a wand of disintegration (6)
 I - a wand of flame (17)
 R - a wand of paralysis (12)
Scrolls
 g - 5 scrolls of teleportation
 h - 3 scrolls of blinking
 i - 4 scrolls of amnesia
 j - 4 scrolls of enchant armour
 k - a scroll of identify
 o - 10 scrolls of remove curse
 p - a scroll of random uselessness {unknown}
 r - 3 scrolls of enchant weapon
 u - 2 scrolls of magic mapping
 w - a scroll of immolation {unknown}
Potions
 b - 4 potions of magic
 e - 5 potions of curing
 m - 5 potions of heal wounds
 n - 4 potions of agility
 q - 7 potions of flight
 t - 2 potions of might
 v - 3 potions of haste
 x - a potion of cancellation
 z - a potion of berserk rage
 A - 4 potions of brilliance
 D - 3 potions of invisibility
 E - a potion of ambrosia
 H - a potion of mutation
 N - a potion of resistance
Comestibles
 f - 27 rations


   Skills:
 - Level 7.0 Fighting
 - Level 10.0 Short Blades
 - Level 4.9 Throwing
 - Level 4.3 Dodging
 - Level 13.3 Stealth
 * Level 9.5 Transmutations
 + Level 6.5 Invocations
 - Level 6.6 Evocations


You had 6 spell levels left.
You knew the following spells:

 Your Spells              Type           Power        Failure   Level  Hunger
a - Blade Hands           Tmut           ####......   22%         5    ######.

Your spell library contained the following spells:

 Spells                   Type           Power        Failure   Level  Hunger
 Beastly Appendage        Tmut           ####..       1%          1    ##.....
 Sticks to Snakes         Tmut           ####....     1%          2    ###....
 Spider Form              Tmut/Pois      ###.......   17%         3    ####...
 Ice Form                 Ice/Tmut       ###.....     47%         4    #####..


Dungeon Overview and Level Annotations

Branches:
Dungeon (10/15)            Temple (1/1) D:5            Lair (2/6) D:9
    Orc (0/2) D:9
  Swamp: Lair:2-4    Shoals: Lair:2-4     Snake: Lair:2-4    Spider: Lair:2-4

Altars:
Ashenzari
Cheibriados
Dithmenos
Elyvilon
Fedhas
Gozag
Hepliaklqana
Makhleb
Nemelex Xobeh
Okawaru
Qazlal
Ru
Sif Muna
Trog
Uskayaw
Vehumet
Wu Jian
Xom
Yredelemnul
Zin
The Shining One
Beogh

Shops:
D:5 *   D:6 [   D:7 %

Annotations:
Lair:1 3 runed translucent doors, Dominolapin's ghost, journeyman HOAr


Innate Abilities, Weirdness & Mutations

You cannot wear most types of armour.
You are very stealthy in the water. (Stealth+)
You are amphibious.
You can wear up to eight rings at the same time.
You can use your tentacles to constrict eight enemies at once.
Your skin changes colour to match your surroundings (Stealth+).
Your rubbery body absorbs attacks. (AC +1, EV +1)
You are partially covered in yellow scales. (AC +2)
Your flesh is cold resistant. (rC+)
Your muscles are strong. (Str +2)
Your spells are a little harder to cast, but a little more powerful.


Message History

The spiny frog is too close now for your liking.
You hit the spiny frog but do no damage.
You grab the spiny frog.
You squeeze the spiny frog, but do no damage.
You constrict the spiny frog. The spiny frog stings you!!
You take 22 damage.
You hit the spiny frog but do no damage.
The spiny frog is poisoned.
The spiny frog is lightly wounded.
You constrict the spiny frog.
You hit the spiny frog but do no damage.
The spiny frog is lightly wounded.
You constrict the spiny frog, but do no damage.
A porcupine comes into view.
The spiny frog stings you!!
You take 20 damage.
As you read the scroll of teleportation, it crumbles to dust.
You feel strangely unstable.
You constrict the spiny frog. The spiny frog stings you!!
You die...

### . ### ###### ####.##
#..
#.####....#####.#...###....
...÷.....^................h
..................#........
................@..##......
...÷...........F..## ....h
>..................r ....
...................... .##
......#P##..##P......... #
.....P####.PP#......#...
......# ..........#....
....(.. #..##...##.... ....


You could see a spiny frog and a porcupine.

Vanquished Creatures
  Fannar (D:10)
  2 hydras (Lair:1)
  2 two-headed ogres (D:8)
  Pikel (D:5)
  Psyche (D:9)
  2 spiny frogs (Lair:1)
  A rime drake (Lair:2)
  A komodo dragon (Lair:1)
  2 trolls (D:9)
  A dream sheep (Lair:1)
  3 hippogriffs
  8 blink frogs (Lair:1)
  A spriggan (D:8)
  Sigmund (D:2)
  A wraith (D:10)
  9 yaks
  Eustachio (D:6)
  Grum (Lair:1)
  A hungry ghost (D:7)
  Duvessa (D:6)
  8 water moccasins
  3 porcupines
  4 ice beasts
  10 orc warriors
  A black bear (Lair:2)
  3 slaves
  6 ogres
  2 phantoms
  12 wolves
  4 centaurs (D:5)
  5 crocodiles
  A big kobold (D:8)
  Blork the orc (D:5)
  5 bullfrogs
  A gnoll sergeant (D:8)
  Dowan (D:6)
  A wyvern skeleton (D:8)
  2 scorpions
  6 killer bees (D:7)
  2 wights (D:10)
  4 howler monkeys
  An electric eel (D:9)
  5 crimson imps
  3 centaur zombies (Ossuary)
  9 hounds
  3 jellies
  2 bullfrog skeletons
  2 bullfrog zombies
  2 centaur skeletons (D:7)
  A human zombie (Ossuary)
  8 orc priests
  Terence (D:2)
  2 iguanas
  18 orc wizards
  7 worker ants
  A statue (D:4)
  A killer bee zombie (D:8)
  2 ogre zombies (Ossuary)
  A big kobold zombie (Ossuary)
  7 mummies (Ossuary)
  A howler monkey zombie (D:10)
  2 worker ant zombies
  11 gnolls
  19 adders
  A howler monkey skeleton (D:10)
  8 river rats
  3 shadow imps
  4 oozes
  4 adder zombies
  An adder skeleton (D:5)
  4 worms
  3 dart slugs
  4 leopard geckos
  79 orcs
  7 ball pythons
  8 giant cockroaches
  8 goblins
  7 hobgoblins
  3 jackals
  10 kobolds
  5 quokkas
  10 bats
  14 frilled lizards
  2 goblin zombies (Ossuary)
  5 hobgoblin zombies (Ossuary)
  A jackal skeleton (D:4)
  3 kobold zombies (Ossuary)
  A quokka skeleton (D:8)
  7 quokka zombies (Ossuary)
  18 rats
  4 rat zombies (Ossuary)
456 creatures vanquished.

Vanquished Creatures (others)
  A slave (D:6)
  5 fungi (Lair:2)
6 creatures vanquished.

Grand Total: 462 creatures vanquished

Notes
Turn   | Place    | Note
-------+----------+-------------------------------------------
     0 | D:1      | xeno23 the Octopode Assassin began the quest for the Orb.
     0 | D:1      | Reached XP level 1. HP: 14/14 MP: 1/1
   154 | D:1      | Reached XP level 2. HP: 15/19 MP: 2/2
   363 | D:1      | Found a shattered altar of Ashenzari.
   725 | D:2      | Reached XP level 3. HP: 19/24 MP: 3/3
   740 | D:2      | Reached skill level 6 in Stealth
   748 | D:2      | Reached XP level 4. HP: 16/30 MP: 4/4
   839 | D:2      | Noticed Terence
   866 | D:2      | Killed Terence
   947 | D:2      | Reached XP level 5. HP: 18/35 MP: 5/5
  1096 | D:2      | Found a shimmering altar of Xom.
  1098 | D:2      | Found a snail-covered altar of Cheibriados.
  1159 | D:2      | Noticed Sigmund
  1161 | D:2      | Killed Sigmund
  1161 | D:2      | Reached skill level 7 in Stealth
  1161 | D:2      | Reached XP level 6. HP: 30/42 MP: 6/6
  1718 | D:3      | Reached skill level 8 in Stealth
  1833 | D:4      | Reached XP level 7. HP: 21/47 MP: 7/7
  1840 | D:4      | Reached skill level 5 in Short Blades
  1871 | D:4      | Found a radiant altar of Vehumet.
  1970 | D:4      | Reached skill level 9 in Stealth
  2096 | D:4      | Found a glowing drain.
  2144 | Sewer    | Entered a sewer
  2705 | D:4      | Reached XP level 8. HP: 54/54 MP: 8/8
  2957 | D:3      | Found a stormy altar of Qazlal.
  3419 | D:4      | Reached skill level 10 in Stealth
  3614 | D:4      | Found an iron altar of Okawaru.
  3656 | D:5      | Entered Level 5 of the Dungeon
  3779 | D:5      | Found a staircase to the Ecumenical Temple.
  3804 | D:5      | Reached skill level 5 in Fighting
  3860 | D:5      | Found a sand-covered staircase.
  3872 | Ossuary  | Entered an ossuary
  4002 | Ossuary  | Reached skill level 11 in Stealth
  4258 | Ossuary  | Reached XP level 9. HP: 58/61 MP: 9/9
  4514 | D:5      | Found Fapso's Assorted Antiques.
  4524 | D:5      | Bought a scroll of identify for 44 gold pieces
  4524 | D:5      | Bought a viscous ruby potion for 19 gold pieces
  4524 | D:5      | Bought a scroll of identify for 44 gold pieces
  4524 | D:5      | Bought a scroll of identify for 44 gold pieces
  4526 | D:5      | Gained mutation: You have a beak for a mouth. [potion of
                  | mutation]
  4526 | D:5      | Gained mutation: You are frail. (-10% HP) [potion of
                  | mutation]
  4526 | D:5      | Gained mutation: Your spells are a little harder to cast,
                  | but a little more powerful. [potion of mutation]
  4663 | Temple   | Entered the Ecumenical Temple
  4801 | Temple   | Became a worshipper of Uskayaw the Reveler
  5158 | D:6      | Reached * piety under Uskayaw
  5159 | D:6      | Noticed Pikel
  5194 | D:6      | Reached ** piety under Uskayaw
  5221 | D:6      | Noticed Duvessa
  5222 | D:6      | Noticed Dowan
  5349 | D:6      | Noticed Blork the orc
  5878 | D:5      | Killed Blork the orc
  5878 | D:5      | Reached skill level 1 in Evocations
  5908 | D:5      | Killed Pikel
  6236 | D:6      | Reached skill level 12 in Stealth
  6298 | D:6      | Found Releaj's Antique Armour Shoppe.
  6324 | D:6      | Noticed Eustachio
  6337 | D:6      | Killed Eustachio
  6986 | D:6      | Killed Duvessa
  7070 | D:7      | Found a shimmering altar of Xom.
  7139 | D:7      | Reached *** piety under Uskayaw
  7253 | D:7      | Reached XP level 10. HP: 52/61 MP: 12/12
  7256 | D:7      | Found a deep blue altar of Sif Muna.
  7333 | D:7      | Found Vuimmysar's Food Emporium.
  8009 | D:7      | Reached **** piety under Uskayaw
  8012 | D:7      | Reached ***** piety under Uskayaw
  8075 | D:7      | Found a white marble altar of Elyvilon.
  8398 | D:8      | Reached ****** piety under Uskayaw
  8633 | D:6      | Killed Dowan
  8928 | D:8      | Noticed a two-headed ogre
  8948 | D:8      | Reached skill level 5 in Evocations
  9116 | D:8      | Noticed a two-headed ogre
  9831 | D:8      | Killed a two-headed ogre
  9831 | D:8      | Reached skill level 13 in Stealth
  9882 | D:8      | Reached XP level 11. HP: 55/66 MP: 15/15
 10251 | D:8      | Killed a two-headed ogre
 10749 | D:9      | Found a roughly hewn altar of Beogh.
 10751 | D:9      | Found a staircase to the Orcish Mines.
 10969 | D:9      | Found a staircase to the Lair.
 11352 | D:9      | Learned a level 5 spell: Blade Hands
 11455 | D:9      | Reached skill level 10 in Short Blades
 11513 | D:9      | Reached skill level 1 in Transmutations
 11532 | D:9      | Noticed Psyche
 11549 | D:9      | Killed Psyche
 12366 | D:10     | Entered Level 10 of the Dungeon
 12822 | D:10     | Noticed Fannar
 12886 | D:10     | Killed Fannar
 13188 | D:10     | Reached skill level 5 in Transmutations
 13428 | Lair:1   | Entered Level 1 of the Lair of Beasts
 13488 | Lair:1   | Noticed a seven-headed hydra
 13661 | Lair:1   | Noticed a five-headed hydra
 13664 | Lair:1   | Killed a five-headed hydra
 13664 | Lair:1   | Reached XP level 12. HP: 70/72 MP: 16/16
 13702 | Lair:1   | Found a runed translucent gate.
 13703 | Lair:1   | Found a runed translucent gate.
 13704 | Lair:1   | Noticed Dominolapin's ghost (journeyman HOAr)
 13704 | Lair:1   | Found a runed translucent gate.
 14055 | Lair:1   | Noticed Grum
 14109 | Lair:1   | Reached skill level 5 in Invocations
 14184 | Lair:1   | Killed Grum
 14539 | Lair:1   | HP: 4/108 [seven-headed hydra (6)]
 14541 | Lair:1   | Killed a seven-headed hydra
 15528 | Lair:2   | Lost mutation: You are frail. (-10% HP) [potion of
                  | mutation]
 15528 | Lair:2   | Lost mutation: You have a beak for a mouth. [potion of
                  | mutation]
 15528 | Lair:2   | Gained mutation: You are partially covered in yellow
                  | scales. (AC +2) [potion of mutation]
 15528 | Lair:2   | Gained mutation: Your muscles are strong. (Str +2) [potion
                  | of mutation]
 15528 | Lair:2   | Gained mutation: Your flesh is cold resistant. (rC+)
                  | [potion of mutation]
 15933 | Lair:2   | Slain by a spiny frog

Levels and vault maps discovered:
D:1:      lightli_arrival_isolated_outpost, layout_loops_cross,
          dk_noncrumbling_3, st_stairs_9, minmay_misc_feat_ornament,
          ashenzari_altar_1
D:2:      layout_basic, chequers_temple_overflow_statue_of_worship,
          uniq_terence, uniq_sigmund
D:3:      layout_rooms, lemuel_coloured_pillars_altar, minmay_diced_spiral
D:4:      minmay_chambers_of_twos, layout_basic, vehumet_statue,
          portal_sewer_entry_e, kennysheep_okawaru_gauntlet
D:5:      layout_cave_pools, minmay_temple_entry_trees, enter_ossuary_1,
          serial_shops, nicolae_shop_stone, first_ration, saegor_snake_ambush
D:6:      layout_cave_pools, serial_shops, kennysheep_mini_moat, uniq_pikel,
          uniq_blork_the_orc, uniq_duvessa, uniq_eustachio
D:7:      kennysheep_orc_sif_temple, layout_basic, elyvilon_altar_5,
          serial_shops, shop, basic_altar
D:8:      minmay_goldmine, layout_rooms, special_room [special_room_orc],
          the_bakery, st_stairs_4
D:9:      layout_cave_pools, nicolae_overflow_hidden_temple, erik_lair_island,
          david_orc_5, uniq_psyche
D:10:     layout_rooms, kennysheep_generic_room_5, uniq_fannar
Temple:   eino_temple_rhombus
Lair:1:   layout_regular_city, gammafunk_ghost_split, minmay_shattered_shrine,
          lemuel_fruit_fields, uniq_grum
Lair:2:   layout_cave_pods, special_room [special_room_bee], basic_altar,
          infiniplex_staircase_pool_2, grunt_megastairs_3
Sewer:    sewer_co_cracked_pipes
Ossuary:  ossuary_boxes_badplayer

Skill      XL: |  1  2  3  4  5  6  7  8  9 10 11 12 |
---------------+-------------------------------------+-----
Stealth        | 6 7 8 9 11 12 13 | 13.3
Short Blades   | 3 4 5 7 8 9 10 | 10.0
Fighting       | 3 4 5 6 7 |  7.0
Evocations     | 3 5 6 |  6.6
Dodging        | 2 3 4 |  4.3
Throwing       | 3 4 |  4.9
Transmutations | 7 9 |  9.5
Invocations    | 4 6 |  6.5

Action                   |  1- 3 |  4- 6 |  7- 9 | 10-12 || total
-------------------------+-------+-------+-------+-------++-------
Melee: Dagger            |    50 |    91 |   374 |   676 ||  1191
       Constrict         |    13 |    22 |    66 |   133 ||   234
       Tentacles         |     7 |    22 |    81 |   151 ||   261
       Peck              |       |       |    38 |   150 ||   188
       Unarmed           |       |       |       |     6 ||     6
 Fire: Blowgun           |       |     7 |    21 |    52 ||    80
Evoke: Wand              |       |       |       |    12 ||    12
  Use: Scroll            |       |     5 |    13 |    10 ||    28
       Potion            |       |       |     2 |     2 ||     4
 Stab: Sleeping          |     7 |    13 |    67 |    45 ||   132
       Distracted        |       |     1 |     3 |     2 ||     6
       Paralysed         |       |       |     1 |    27 ||    28
  Eat: Chunk             |       |     3 |    13 |    28 ||    44
       Ration            |       |       |     1 |       ||     1
Armor: Skin              |     7 |     6 |     6 |    49 ||    68
Dodge: Dodged            |    30 |    45 |   131 |   281 ||   487

Table legend:
 A = Non-vault XP
 B = Vault XP
 C = Vault XP percentage of total XP
 D = Non-vault monster count
 E = Vault monster count
 F = Vault count percentage of total count
                 A         B        C        D         E       F
            +---------+---------+-------+---------+---------+-------
      Total |   18076 |    8871 |  32.9 |     264 |     189 |  41.7
            +---------+---------+-------+---------+---------+-------
        D:1 |      24 |       5 |  17.2 |      13 |       3 |  18.8
        D:2 |     197 |     256 |  56.5 |      33 |       2 |   5.7
        D:3 |     267 |       7 |   2.6 |      36 |       3 |   7.7
        D:4 |     336 |     357 |  51.5 |      12 |      17 |  58.6
        D:5 |    1100 |     751 |  40.6 |      21 |       5 |  19.2
        D:6 |     315 |     427 |  57.5 |      12 |       3 |  20.0
        D:7 |    1590 |     298 |  15.8 |      27 |       7 |  20.6
        D:8 |    3003 |     999 |  25.0 |      42 |      39 |  48.1
        D:9 |    1325 |    1890 |  58.8 |      17 |      33 |  66.0
       D:10 |    1511 |    1031 |  40.6 |      16 |       2 |  11.1
     Lair:1 |    6025 |    2349 |  28.1 |      21 |      14 |  40.0
     Lair:2 |    2383 |       0 |   0.0 |      14 |       0 |   0.0
      Sewer |       0 |      84 | 100.0 |       0 |      24 | 100.0
    Ossuary |       0 |     417 | 100.0 |       0 |      37 | 100.0
            +---------+---------+-------+---------+---------+-------
